 Dungeon Crawl Stone Soup version 0.29.0-11-gd7f09526c8 (webtiles) character file.

Game seed: 13586906730850268834

464 SensoryNuts the Cudgeller (level 6, -3/56 (61) HPs)
             Began as a Troll Fighter on Sept 6, 2022.
             Slain by a wight
             ... wielding a +1 halberd
              (6 damage)
             ... on level 4 of the Dungeon.
             The game lasted 00:04:46 (2615 turns).

SensoryNuts the Cudgeller (Troll Fighter)           Turns: 2615, Time: 00:04:47

HP:   -3/56 (61)    AC:  8    Str: 27    XL:     6   Next: 80%
MP:   5/5           EV:  9    Int:  4    God:
Gold: 152           SH:  7    Dex:  9    Spells: 5/5 levels left

rFire   . . .      SeeInvis +   j - +3 demon blade (vorpal)
rCold   . . .      Faith    .   u - +0 kite shield
rNeg    . . .      Spirit   .   b - +0 robe
rPois   .          Reflect  .   (helmet restricted)
rElec   .          Harm     .   (no cloak)
rCorr   .          Rampage  .   (gloves unavailable)
Will    .....                   (boots unavailable)
Stlth   +.........              (no amulet)
HPRegen 0.98/turn               i - +4 ring of protection
MPRegen 0.09/turn               p - ring of see invisible

@: flying, drained
A: large, unfitting armour, claws 3, regeneration 1, shaggy fur 1, tough skin 1
a: no special abilities


You were on level 4 of the Dungeon.
You visited 1 branch of the dungeon, and saw 4 of its levels.

You collected 152 gold pieces.

Inventory:

Hand Weapons
 a - a +0 flail
 j - a +3 vorpal demon blade (weapon)
Armour
 b - a +0 robe (worn)
 u - a +0 kite shield (worn)
Jewellery
 c - an amulet of magic regeneration
 e - a ring of ice
 i - a +4 ring of protection (left claw)
 p - a ring of see invisible (right claw)
Scrolls
 f - 2 scrolls of vulnerability
 g - a scroll of teleportation
Potions
 l - a potion of lignification
 n - a potion of invisibility
 o - a potion of degeneration


   Skills:
 + Level 3.3 Fighting
 * Level 2.5 Long Blades
 - Level 4.0 Maces & Flails
 + Level 3.7 Dodging
 + Level 0.2 Stealth
 + Level 3.0 Shields


You had 5 spell levels left.
You didn't know any spells.
Your spell library contained the following spells:

 Spells                   Type           Power      Damage    Failure   Level
 Stone Arrow              Conj/Erth      0%         3d7       99%         3
 Animate Armour           Summ/Erth      0%         N/A       100%        4
 Malign Gateway           Summ/Tloc      0%         N/A       100%        7
 Lehudib's Crystal Spear  Conj/Erth      0%         10d2      100%        8
 Summon Horrible Things   Summ           0%         N/A       100%        8


Dungeon Overview and Level Annotations

Branches:
Dungeon (4/15)
 Temple: D:4-7

Altars:

Shops:
D:1 :


Innate Abilities, Weirdness & Mutations

You are too large for most types of armour.
You have claws for hands.
Your natural rate of healing is unusually fast.
You are covered in fur. (AC +1)
You have tough skin. (AC +1)


Message History

A wight comes into view. It is wielding a +0 falchion.
The wight hits you with a +1 halberd!
The wight moves out of view.
Things that are here:
a +4 long sword; a +0 robe You hit the wight.
The wight is moderately damaged.
The wight hits you with a +1 halberd!
* * * LOW HITPOINT WARNING * * *
You feel drained.
* * * LOW HITPOINT WARNING * * *
You feel better. The wight hits you with a +1 halberd!
* * * LOW HITPOINT WARNING * * *
It was a potion of cancellation.
You feel magically purged. The wight barely misses you.
You feel better. The wight hits you but does no damage.
You feel better. The wight hits you with a +1 halberd.
You hit the wight.
The wight is heavily damaged.
The wight hits you with a +1 halberd.
You feel drained.
You slash the wight!
The wight is heavily damaged.
You block the wight's attack. x2
You barely miss the wight.
The wight is heavily damaged.
The wight closely misses you. You block the wight's attack.
You slash the wight!
You destroy the wight!
The wight barely misses you.
The wight hits you from afar with a +1 halberd!
* * * LOW HITPOINT WARNING * * *
You feel drained.
* * * LOW HITPOINT WARNING * * *
It was a potion of magic.
Magic courses through your body.
The wight hits you from afar with a +1 halberd.
* * * LOW HITPOINT WARNING * * *
It was a potion of flight.
You feel very buoyant.
You fly up into the air.
The wight hits you from afar with a +1 halberd.
You die...

### #.# #.# #.#
#.# #.# ##. #.#
....# #[#
#...#########)#
#z)@..#.....#
#####.......#
r.............#
#############.#
#.# #.# #.. #..


You could see a wight.

Vanquished Creatures
  A scorpion (D:2)
  2 wights (D:4)
  An orc priest (D:4)
  2 orc wizards
  Natasha (thrice) (D:3)
  3 gnolls (D:3)
  4 adders
  A worm (D:2)
  6 orcs
  10 bats
  7 endoplasms
  3 giant cockroaches
  10 hobgoblins
  3 kobolds
  3 quokkas
  5 ball pythons
  A frilled lizard (D:1)
  8 goblins
  7 rats
80 creatures vanquished.

Vanquished Creatures (others)
  An orc (D:3)
1 creature vanquished.

Grand Total: 81 creatures vanquished

Notes
Turn   | Place    | Note
-------+----------+-------------------------------------------
     0 | D:1      | SensoryNuts the Troll Fighter began the quest for the Orb.
     0 | D:1      | Reached XP level 1. HP: 22/22 MP: 0/0
    47 | D:1      | Found Myali's Book Shoppe.
   113 | D:1      | Reached XP level 2. HP: 29/29 MP: 1/1
   224 | D:1      | Reached skill level 2 in Maces & Flails
   369 | D:1      | Found a faded altar of an unknown god.
   528 | D:2      | Reached XP level 3. HP: 36/36 MP: 2/2
   683 | D:2      | Noticed a scorpion
   689 | D:2      | Killed a scorpion
   690 | D:2      | Reached skill level 3 in Maces & Flails
   690 | D:2      | Reached XP level 4. HP: 44/44 MP: 3/3
  1441 | D:3      | Reached XP level 5. HP: 37/52 MP: 4/4
  1444 | D:3      | Reached skill level 4 in Maces & Flails
  2007 | D:3      | Noticed Natasha
  2020 | D:3      | Killed Natasha
  2130 | D:3      | Noticed Natasha
  2138 | D:3      | Killed Natasha
  2139 | D:3      | Reached XP level 6. HP: 53/61 MP: 5/5
  2235 | D:3      | Noticed Natasha
  2243 | D:3      | Killed Natasha
  2244 | D:3      | Reached skill level 1 in Long Blades
  2530 | D:4      | Identified the +1 plate armour "Orosett" {rElec rF+ rN+
                  | Int-3}
  2606 | D:4      | HP: 2/57 [wight/+1 halberd (12)]
  2614 | D:4      | HP: 2/56 [wight/+1 halberd (4)]
  2615 | D:4      | Slain by a wight

Illustrated notes

Levels and vault maps discovered:
D:1:      dpeg_arrival_rooms_b, layout_basic, serial_shops, shop,
          chequers_ecumenical_altar_simple_redux, kennysheep_minor_cross,
          minmay_misc_feat_more_columns, hangedman_feature_mirror
D:2:      layout_basic, minmay_heptomino_o4
D:3:      layout_basic, nrook_loot_triangle, grunt_ministairs_11,
          kennysheep_donut, uniq_natasha
D:4:      layout_rooms, chequers_temple_overflow_statue_of_worship,
          ebering_ghost_sewer_d

Skill      XL: |  1  2  3  4  5  6 |
---------------+-------------------+-----
Maces & Flails | 2 3 4 |  4.0
Shields        | 3 |  3.0
Dodging        | 3 |  3.7
Fighting       | 3 |  3.3
Long Blades    | 2 |  2.5
Stealth        | |  0.2

Action                   |  1- 3 |  4- 6 || total
-------------------------+-------+-------++-------
Melee: Flail             |   116 |    71 ||   187
       Punch             |       |     1 ||     1
       Demon blade       |       |   117 ||   117
  Use: Scroll            |       |    14 ||    14
       Potion            |       |    12 ||    12
Armor: Robe              |    49 |   114 ||   163
Dodge: Dodged            |    56 |   131 ||   187
Block: Kite shield       |    32 |     7 ||    39
